 Dungeon Sprint DCSS version 0.19-a0-994-g3c636f0 (webtiles) character file.

43440 zero the Minotaur Porcupine (level 13, -16/145 HPs)
             Began as a Minotaur Berserker on July 17, 2016.
             Was the Champion of Trog.
             Killed from afar by a frost giant (31 damage)
             ... with a bolt of cold
             ... in the Dungeon (Sprint IX: "|||||||||||||||||||||||||||||").
             The game lasted 00:12:23 (4085 turns).

zero the Minotaur Porcupine (Minotaur Berserker)    Turns: 4085, Time: 00:12:24

Health: -16/145    AC: 28    Str: 27    XL:     13   Next: 90%
Magic:  0/12       EV:  9    Int:  4    God:    Trog [******]
Gold:   19         SH:  0    Dex: 10    Spells: 0 memorised, 12 levels left

rFire  . . .     SeeInvis .     o - +4 glaive (venom)
rCold  . . .     Gourm    .     a - +0 plate armour
rNeg   + . .     Faith    .     (shield currently unavailable)
rPois  +         Spirit   +     I - +2 hat of the Bear Spirit {Spirit, +Rage rN+ MR++}
rElec  .         Dismiss  .     u - +1 cloak
rCorr  .         Reflect  .     H - +1 pair of gloves
SustAt .         Harm     .     (no boots)
MR     +++++     NoTele   +     (no amulet)
Stlth  ..........               B - ring of protection from magic
                                E - ring of poison resistance

@: exhausted, regenerating, slowed, very slow, almost entirely resistant to
hostile enchantments, extremely unstealthy
A: retaliatory headbutt, horns 2
a: Berserk, Trog's Hand, Brothers in Arms, Burn Spellbooks, Renounce Religion,
Evoke Berserk Rage


You were in the Dungeon.
You worshipped Trog.
Trog was exalted by your worship.
You were not hungry.

You visited 1 branch You collected 1935 gold pieces.
You spent 1916 gold pieces at shops.

Inventory:

Hand Weapons
 o - a +4 glaive of venom (weapon)
 v - a +2 trident of distortion
Armour
 a - a +0 plate armour (worn)
 u - a +1 cloak (worn)
 F - a +1 fire dragon armour
 G - a +1 ice dragon armour
 H - a +1 pair of gloves (worn)
 I - the +2 hat of the Bear Spirit (worn) {Spirit, +Rage rN+ MR++}
   (You found it in the Dungeon)

   It protects you from negative energy.
   It affects your resistance to hostile enchantments.
   It lets you go berserk.
 L - a +0 large shield
Jewellery
 B - a ring of protection from magic (right hand)
 C - an uncursed ring of protection from fire
 D - an uncursed ring of protection from cold
 E - a ring of poison resistance (left hand)
Wands
 l - a wand of lightning (5/15)
Scrolls
 i - 6 scrolls of blinking
 k - 9 scrolls of remove curse
 q - 2 scrolls of fog
 r - 4 scrolls of recharging
 w - 3 scrolls of enchant weapon
 x - a scroll of summoning
 y - 6 scrolls of identify
 K - a scroll of fear
Potions
 b - 3 potions of might
 d - 9 potions of curing
 e - 2 potions of heal wounds
 f - 3 potions of haste
 g - 4 potions of magic
 h - a potion of berserk rage
 j - a potion of invisibility
 J - a potion of agility
Comestibles
 c - 19 bread rations
 s - 57 fruits
 t - 18 meat rations
 z - 3 beef jerkies
 A - 4 slices of pizza


   Skills:
 + Level 22.2 Fighting
 O Level 27 Polearms
 + Level 22.2 Armour
 - Level 2.1 Dodging


You had 12 spell levels left.
You didn't know any spells.

Dungeon Overview and Level Annotations

Branches:
Dungeon (1/1)

Altars:
Cheibriados
Dithmenos
Elyvilon
Fedhas
Gozag
Hepliaklqana
Kikubaaqudgha
Makhleb
Nemelex Xobeh
Okawaru
Pakellas
Qazlal
Ru
Sif Muna
Trog
Uskayaw
Vehumet
Xom
Yredelemnul
Zin
The Shining One
Beogh
Jiyva
Lugonu

Shops:
D ??


Innate Abilities, Weirdness & Mutations

You reflexively headbutt those who attack you in melee.
You have a pair of horns on your head.


Message History

The spark wasp is moderately wounded.
The spark wasp stings you but does no damage.
The frost giant casts a spell at you. The bolt of cold hits your iron troll.
Your iron troll resists.
The bolt of cold hits you! The spark wasp stings you.
* * * LOW HITPOINT WARNING * * *
The spark wasp shocks you!
* * * LOW HITPOINT WARNING * * *
You feel much better.
You feel the effects of Trog's Hand fading.
The spark wasp stings you!
* * * LOW HITPOINT WARNING * * *
The spark wasp shocks you!
* * * LOW HITPOINT WARNING * * *
The frost giant points at you and mumbles some strange words.
The bolt of cold hits your iron troll.
Your iron troll resists.
The bolt of cold hits you!
You die...

.▓.▓.▓.▓[▓.▓.▓.▓.▓
.▓.▓.▓.▓.▓.▓%▓.▓.▓
.▓.▓.▓.▓.▓.▓^▓.▓.▓
.▓.▓.▓.▓.▓.▓.▓.▓T▓
.▓.▓.▓.▓)▓.▓.▓.▓C▓
†▓.▓)▓.▓)▓.▓.▓.▓T▓
)▓.▓)▓.▓)▓.▓.▓.▓)▓
.▓.▓)▓.▓)▓.▓.▓.▓)▓
.▓.▓.▓.▓)▓.▓)▓.▓@▓
.▓.▓)▓.▓)▓.▓.▓.▓y▓
.▓.▓)▓.▓)▓.▓.▓.▓(▓
=▓.▓)▓.▓)▓.▓)▓.▓.▓
.▓.▓)▓.▓.▓.▓)▓.▓.▓
.▓.▓)▓.▓.▓.▓.▓.▓.▓
.▓.▓.▓.▓.▓.▓.▓.▓.▓
)▓.▓.▓.▓.▓.▓.▓.▓.▓
.▓.▓.▓.▓.▓.▓.▓.▓.▓


You could see a frost giant, a spark wasp, a deep troll earth mage and a
friendly iron troll (berserk).

Vanquished Creatures
  Saint Roka (D)
  A greater naga (D)
  A ghost moth (D)
  A stone giant (D)
  A vampire knight (D)
  An ettin (D)
  A great orb of eyes (D)
  An ice dragon (D)
  A rakshasa (D)
  Erolcha (D)
  2 hydras (D)
  3 naga warriors (D)
  Erica (D)
  An alligator (D)
  2 centaur warriors (D)
  2 merfolk aquamancers (D)
  A tengu warrior (D)
  A death yak (D)
  A deep troll earth mage (D)
  Sonja (D)
  A shock serpent (D)
  A naga ritualist (D)
  2 hill giants (D)
  2 orc knights (D)
  2 deep elf magi (D)
  2 manticores (D)
  An ugly thing (D)
  3 harpies (D)
  A necromancer (D)
  3 orc sorcerers (D)
  2 wolf spiders (D)
  A hornet (D)
  2 griffons (D)
  A cyclops (D)
  3 black mambas (D)
  An elephant (D)
  Maurice (D)
  A water nymph (D)
  Joseph (D)
  3 spiny frogs (D)
  A komodo dragon (D)
  A troll (D)
  2 giant leeches (D)
  A bog body (D)
  A jumping spider (D)
  3 blink frogs (D)
  3 tarantellas (D)
  2 redbacks (D)
  2 yaks (D)
  A wyvern (D)
  Eustachio (D)
  2 vampire mosquitoes (D)
  A hungry ghost (D)
  A hippogriff (D)
  A steam dragon (D)
  A warg (D)
  An insubstantial wisp (D)
  A naga (D)
  3 water moccasins (D)
  9 orc warriors (D)
  2 porcupines (D)
  A wasp (D)
  A necrophage (D)
  A centaur (D)
  3 crocodiles (D)
  3 giant frogs (D)
  A wight (D)
  A quasit (D)
  A jelly (D)
  8 orc wizards (D)
  4 orc priests (D)
  2 iguanas (D)
  A worker ant (D)
  A river rat (D)
  An adder (D)
  9 orcs (D)
  A bat skeleton (D)
  2 bat zombies (D)
  A goblin (D)
  A jackal (D)
  2 bats (D)
  A kobold (D)
  A rat (D)
146 creatures vanquished.

Vanquished Creatures (collateral kills)
  A frost giant (D)
  A very ugly thing (D)
  A great orb of eyes (D)
  A tengu warrior (D)
  A necromancer (D)
  2 orc sorcerers (D)
  A yaktaur (D)
  5 orc wizards (D)
13 creatures vanquished.

Grand Total: 159 creatures vanquished

Notes
Turn   | Place    | Note
-------+----------+-------------------------------------------
     0 | D        | zero the Minotaur Berserker began the quest for the Orb.
     0 | D        | Reached XP level 1. HP: 19/19 MP: 0/0
     5 | D        | Reached skill level 4 in Polearms
     9 | D        | Reached ** piety under Trog
     9 | D        | Reached skill level 5 in Polearms
    73 | D        | Noticed a jelly
    74 | D        | Reached *** piety under Trog
    79 | D        | Killed a jelly
    79 | D        | Reached skill level 8 in Polearms
    79 | D        | Reached XP level 2. HP: 14/26 MP: 1/1
    79 | D        | Reached XP level 3. HP: 17/31 MP: 2/2
    84 | D        | Reached skill level 9 in Polearms
   274 | D        | Found a glowing silver altar of Zin.
   274 | D        | Found a glowing golden altar of the Shining One.
   274 | D        | Found an ancient bone altar of Kikubaaqudgha.
   274 | D        | Found a basalt altar of Yredelemnul.
   274 | D        | Found a shimmering altar of Xom.
   274 | D        | Found a radiant altar of Vehumet.
   275 | D        | Found an iron altar of Okawaru.
   276 | D        | Found a burning altar of Makhleb.
   277 | D        | Found a deep blue altar of Sif Muna.
   278 | D        | Found a bloodstained altar of Trog.
   279 | D        | Found a sparkling altar of Nemelex Xobeh.
   280 | D        | Found a white marble altar of Elyvilon.
   281 | D        | Found a roughly hewn altar of Beogh.
   282 | D        | Found a viscous altar of Jiyva.
   283 | D        | Found a corrupted altar of Lugonu.
   284 | D        | Found a blossoming altar of Fedhas.
   285 | D        | Found a snail-covered altar of Cheibriados.
   286 | D        | Found a shadowy altar of Dithmenos.
   287 | D        | Found a stormy altar of Qazlal.
   288 | D        | Found an opulent altar of Gozag.
   289 | D        | Found a sacrificial altar of Ru.
   290 | D        | Found an oddly glowing altar of Pakellas.
   291 | D        | Found a hide-covered altar of Uskayaw.
   292 | D        | Found a hazy altar of Hepliaklqana.
   349 | D        | Noticed a hill giant
   349 | D        | Noticed a steam dragon
   349 | D        | Noticed a yak
   349 | D        | Noticed a centaur
   353 | D        | Killed a centaur
   353 | D        | Reached skill level 11 in Polearms
   353 | D        | Reached XP level 4. HP: 39/39 MP: 3/3
   355 | D        | Killed a yak
   355 | D        | Reached **** piety under Trog
   355 | D        | Reached skill level 14 in Polearms
   355 | D        | Reached XP level 5. HP: 45/45 MP: 4/4
   355 | D        | Reached XP level 6. HP: 51/51 MP: 5/5
   360 | D        | Killed a hill giant
   360 | D        | Reached skill level 18 in Polearms
   360 | D        | Reached XP level 7. HP: 57/57 MP: 6/6
   363 | D        | Killed a steam dragon
   364 | D        | Reached ***** piety under Trog
   462 | D        | Noticed a deep elf mage
   462 | D        | Noticed a centaur warrior
   468 | D        | Killed a centaur warrior
   468 | D        | Reached skill level 20 in Polearms
   468 | D        | Reached XP level 8. HP: 64/64 MP: 7/7
   473 | D        | Killed a deep elf mage
   473 | D        | Reached skill level 21 in Polearms
   473 | D        | Reached XP level 9. HP: 70/70 MP: 8/8
   629 | D        | Noticed Erolcha
   638 | D        | Killed Erolcha
   638 | D        | Reached skill level 23 in Polearms
   718 | D        | Reached ****** piety under Trog
   718 | D        | Received a gift from Trog
   744 | D        | Noticed a spiny frog
   744 | D        | Noticed a komodo dragon
   749 | D        | Noticed an elephant
   749 | D        | Killed a komodo dragon
   753 | D        | Killed a spiny frog
   753 | D        | Reached skill level 5 in Fighting
   757 | D        | Reached skill level 5 in Armour
   761 | D        | Received a gift from Trog
   764 | D        | Killed an elephant
   764 | D        | Reached XP level 10. HP: 86/86 MP: 3/9
   845 | D        | Noticed a death yak
   857 | D        | Killed a death yak
   857 | D        | Received a gift from Trog
   864 | D        | Noticed a black mamba
   865 | D        | Noticed a spiny frog
   869 | D        | Killed a black mamba
   869 | D        | Reached skill level 24 in Polearms
   872 | D        | Killed a spiny frog
   872 | D        | Received a gift from Trog
   872 | D        | Reached skill level 10 in Fighting
  1002 | D        | Noticed a spiny frog
  1008 | D        | Reached skill level 10 in Armour
  1010 | D        | Killed a spiny frog
  1241 | D        | Noticed Maurice
  1252 | D        | Killed Maurice
  1252 | D        | Received a gift from Trog
  1325 | D        | Reached XP level 11. HP: 102/102 MP: 3/10
  1328 | D        | Received a gift from Trog
  1334 | D        | Noticed an orc knight
  1345 | D        | Killed an orc knight
  1346 | D        | Received a gift from Trog
  1502 | D        | Noticed an orc knight
  1513 | D        | Killed an orc knight
  1514 | D        | Received a gift from Trog
  1529 | D        | Received a gift from Trog
  1576 | D        | Found Uvetien's Food Boutique.
  1576 | D        | Noticed an orc sorcerer
  1576 | D        | Noticed an orc sorcerer
  1576 | D        | Noticed an orc sorcerer
  1580 | D        | Noticed an orc sorcerer
  1582 | D        | Killed an orc sorcerer
  1582 | D        | Received a gift from Trog
  1587 | D        | Found Uthessin's Food Shop.
  1591 | D        | Killed an orc sorcerer
  1591 | D        | Reached skill level 25 in Polearms
  1601 | D        | Killed an orc sorcerer
  1602 | D        | Received a gift from Trog
  1604 | D        | Killed an orc sorcerer
  1607 | D        | Noticed an orc sorcerer
  1608 | D        | Killed an orc sorcerer
  1608 | D        | Received a gift from Trog
  1609 | D        | Found Rirchoa's Magic Scroll Boutique.
  1612 | D        | Found Kaecw's Magic Scroll Shop.
  1619 | D        | Received a gift from Trog
  1726 | D        | Bought a scroll of enchant weapon for 75 gold pieces
  1726 | D        | Bought a scroll of recharging for 95 gold pieces
  1728 | D        | Bought a scroll of summoning for 104 gold pieces
  1728 | D        | Bought a scroll of enchant weapon for 82 gold pieces
  1728 | D        | Bought a scroll of enchant weapon for 82 gold pieces
  1728 | D        | Bought a scroll of recharging for 104 gold pieces
  1730 | D        | Bought a meat ration for 50 gold pieces
  1730 | D        | Bought a bread ration for 50 gold pieces
  1730 | D        | Bought a meat ration for 50 gold pieces
  1730 | D        | Bought 3 fruits for 45 gold pieces
  1730 | D        | Bought a beef jerky for 15 gold pieces
  1730 | D        | Bought a bread ration for 50 gold pieces
  1730 | D        | Bought 5 fruits for 75 gold pieces
  1730 | D        | Bought a meat ration for 50 gold pieces
  1730 | D        | Bought a bread ration for 50 gold pieces
  1730 | D        | Bought a meat ration for 50 gold pieces
  1730 | D        | Bought a meat ration for 50 gold pieces
  1730 | D        | Bought a slice of pizza for 15 gold pieces
  1730 | D        | Bought a beef jerky for 15 gold pieces
  1732 | D        | Bought a bread ration for 55 gold pieces
  1732 | D        | Bought a slice of pizza for 16 gold pieces
  1732 | D        | Bought a slice of pizza for 16 gold pieces
  1732 | D        | Bought a meat ration for 55 gold pieces
  1732 | D        | Bought 3 fruits for 49 gold pieces
  1732 | D        | Bought a slice of pizza for 16 gold pieces
  1732 | D        | Bought a bread ration for 55 gold pieces
  1732 | D        | Bought a beef jerky for 16 gold pieces
  1732 | D        | Bought 5 fruits for 82 gold pieces
  1732 | D        | Bought a meat ration for 55 gold pieces
  1732 | D        | Bought a bread ration for 55 gold pieces
  1732 | D        | Bought 2 fruits for 33 gold pieces
  1732 | D        | Bought a bread ration for 55 gold pieces
  1738 | D        | Bought a scroll of remove curse for 33 gold pieces
  1738 | D        | Bought a scroll of identify for 22 gold pieces
  1738 | D        | Bought a scroll of identify for 22 gold pieces
  1738 | D        | Bought a scroll of identify for 22 gold pieces
  1738 | D        | Bought a scroll of identify for 22 gold pieces
  1740 | D        | Bought a scroll of identify for 20 gold pieces
  1740 | D        | Bought 3 scrolls of remove curse for 90 gold pieces
  1740 | D        | Bought a scroll of identify for 20 gold pieces
  1756 | D        | Noticed Sonja
  1765 | D        | Killed Sonja
  1844 | D        | Noticed Eustachio
  1850 | D        | Killed Eustachio
  1874 | D        | Noticed Erica
  1889 | D        | Killed Erica
  1889 | D        | Received a gift from Trog
  2116 | D        | Noticed a deep elf mage
  2116 | D        | Noticed a centaur warrior
  2122 | D        | Killed a centaur warrior
  2129 | D        | Noticed a hill giant
  2130 | D        | Noticed a tengu warrior
  2130 | D        | Killed a deep elf mage
  2130 | D        | Received a gift from Trog
  2134 | D        | Noticed a necromancer
  2136 | D        | Reached skill level 15 in Fighting
  2140 | D        | Noticed a great orb of eyes
  2140 | D        | Killed a hill giant
  2140 | D        | Reached XP level 12. HP: 121/121 MP: 2/11
  2145 | D        | Noticed a purple very ugly thing
  2145 | D        | Killed a tengu warrior
  2145 | D        | Reached skill level 15 in Armour
  2161 | D        | HP: 4/121 [barbs]
  2161 | D        | Killed a purple very ugly thing
  2161 | D        | Reached skill level 26 in Polearms
  2162 | D        | Received a gift from Trog
  2166 | D        | Killed a great orb of eyes
  2725 | D        | Noticed a deep troll earth mage
  2739 | D        | Killed a deep troll earth mage
  2855 | D        | Noticed Joseph
  2860 | D        | Noticed Saint Roka
  2863 | D        | Killed Joseph
  2866 | D        | Received a gift from Trog
  2881 | D        | Killed Saint Roka
  3083 | D        | Noticed a merfolk aquamancer
  3095 | D        | Killed a merfolk aquamancer
  3095 | D        | Received a gift from Trog
  3097 | D        | Noticed a merfolk aquamancer
  3104 | D        | Reached skill level 27 in Polearms
  3113 | D        | Received a gift from Trog
  3124 | D        | Killed a merfolk aquamancer
  3233 | D        | Reached XP level 13. HP: 128/136 MP: 0/12
  3234 | D        | Received a gift from Trog
  3246 | D        | Killed a ghost moth
  3409 | D        | Received a gift from Trog
  3417 | D        | Noticed a greater naga
  3439 | D        | Killed a greater naga
  3440 | D        | Received a gift from Trog
  3473 | D        | Received a gift from Trog
  3889 | D        | Received a gift from Trog
  4043 | D        | Noticed an ettin
  4043 | D        | Noticed a stone giant
  4049 | D        | Noticed a frost giant
  4056 | D        | Killed a stone giant
  4067 | D        | Noticed a spark wasp
  4069 | D        | Killed an ettin
  4071 | D        | Noticed a vampire knight
  4073 | D        | Noticed a frost giant
  4074 | D        | Received a gift from Trog
  4080 | D        | Killed a frost giant
  4082 | D        | Killed a vampire knight
  4085 | D        | Killed from afar by a frost giant

Vault maps used:
D:        linesprint

Skill      XL: |  1  2  3  4  5  6  7  8  9 10 11 12 13 |
---------------+----------------------------------------+-----
Polearms       | 8 11 14 18 20 21 23 24 25 27 | 27.0
Fighting       | 7 11 15 18 22 | 22.2
Armour         | 6 11 14 18 22 | 22.2
Dodging        | |  2.1

Action                   |  1- 3 |  4- 6 |  7- 9 | 10-12 | 13-15 || total
-------------------------+-------+-------+-------+-------+-------++-------
Melee: Spear             |    21 |       |       |       |       ||    21
       Headbutt          |     2 |     1 |     6 |    43 |    21 ||    73
       Halberd           |     2 |     7 |    32 |       |       ||    41
       Glaive            |       |       |    18 |   248 |   133 ||   399
Invok: Berserk           |     1 |       |     2 |     8 |     3 ||    14
       Trog's Hand       |     1 |       |       |     7 |     3 ||    11
       Burn Spellbooks   |       |       |     1 |       |       ||     1
       Brothers in Arms  |       |       |       |     2 |     2 ||     4
Evoke: Wand              |       |       |       |     2 |       ||     2
  Use: Potion            |       |       |       |     2 |     1 ||     3
 Stab: Distracted        |       |       |       |       |     1 ||     1
  Eat: Chunk             |       |       |     2 |    16 |     3 ||    21
       Meat ration       |       |       |       |     1 |       ||     1
       Bread ration      |       |       |       |       |     1 ||     1
       Fruit             |       |       |       |       |     1 ||     1
Armor: Animal skin       |     5 |       |       |       |       ||     5
       Scale mail        |     1 |       |     5 |    33 |       ||    39
       Plate armour      |       |       |       |    44 |    68 ||   112
Dodge: Dodged            |    13 |       |     9 |    66 |    32 ||   120
